 Dungeon Crawl Stone Soup version 0.30-a0-476-g330ca2eb8e (webtiles) character file.

Game seed: 11652225884037856140

534 oldriver the Sneak (level 7, -2/63 HPs)
             Began as a Naga Warper on Dec 22, 2022.
             Succumbed to a killer bee's poison
             ... on level 5 of the Dungeon.
             The game lasted 00:07:14 (3700 turns).

oldriver the Sneak (Naga Warper)                    Turns: 3700, Time: 00:07:15

Health: -2/63      AC: 11    Str: 13    XL:     7   Next: 25%
Magic:  19/19      EV:  7    Int: 14    God:
Gold:   282        SH:  5    Dex: 12    Spells: 10/10 levels left

rFire   . . .      SeeInvis +    b - +3 sling (elec)
rCold   . . .      Faith    .    (no shield)
rNeg    . . .      Spirit   .    x - +3 scale mail of Indecent Exposure {Will+}
rPois   +          Reflect  +    g - +0 helmet
rElec   .          Harm     .    j - +0 cloak
rCorr   +          Rampage  .    k - +0 pair of gloves
Will    +....                    (no barding)
Stlth   ++........               m - amulet of reflection
HPRegen 0.30/turn                p - ring of resist corrosion
MPRegen 0.16/turn                t - ring of magical power

@: lethally poisoned (-2 -> -11), very slow
A: AC +2, large, see invisible, deformed body, poison resistance, slowness 2,
spit poison 1, naga tail 1
a: Spit Poison


You were on level 5 of the Dungeon.
You visited 1 branch of the dungeon, and saw 5 of its levels.

You collected 282 gold pieces.

Inventory:

Hand Weapons
 a - a +0 short sword of flaming
 b - a +3 sling of electrocution (weapon)
Missiles
 d - 6 boomerangs of dispersal
 r - a boomerang
Armour
 g - a +0 helmet (worn)
 j - a +0 cloak (worn)
 k - a +0 pair of gloves (worn)
 x - the +3 scale mail of Indecent Exposure (worn) {Will+}
   (You found it on level 3 of the Dungeon)

   Will:      It increases your willpower.
Jewellery
 m - an amulet of reflection (around neck)
 p - a ring of resist corrosion (left hand)
 t - a ring of magical power (right hand)
Scrolls
 c - 2 scrolls of blinking
 f - a scroll of amnesia {unknown}
 i - 2 scrolls of teleportation
 l - 2 scrolls of noise
 y - a scroll of enchant armour {unknown}
Potions
 e - a potion of heal wounds
 h - a potion of mutation
 o - 2 potions of cancellation
 q - 2 potions of curing
 s - 4 potions of might
 u - 2 potions of invisibility
 v - 3 potions of brilliance
 w - a potion of haste {unknown}
 A - a potion of berserk rage {unknown}


   Skills:
 + Level 3.7 Fighting
 - Level 3.3 Short Blades
 * Level 3.7 Ranged Weapons
 - Level 0.8 Throwing
 - Level 0.7 Armour
 - Level 1.5 Dodging
 + Level 6.4 Stealth
 - Level 2.0 Spellcasting
 - Level 3.0 Translocations


You had 10 spell levels left.
You didn't know any spells.
Your spell library contained the following spells:

 Spells                   Type           Power      Damage    Failure   Level
 Blink                    Tloc           18%        N/A       45%         2
 Lesser Beckoning         Tloc           18%        N/A       69%         3
 Teleport Other           Tloc           9%         N/A       69%         3
 Vhi's Electric Charge    Tloc/Air       10%        N/A       88%         3
 Manifold Assault         Tloc           9%         N/A       97%         4
 Frozen Ramparts          Ice            2%         1d1       98%         3
 Ice Form                 Ice/Tmut       1%         N/A       100%        4
 Summon Ice Beast         Ice/Summ       1%         N/A       100%        4


Dungeon Overview and Level Annotations

Branches:
Dungeon (5/15)
 Temple: D:4-7

Altars:

Annotations:
D:5 3 runed translucent doors, PyroL's ghost, novice DrWr


Innate Abilities, Weirdness & Mutations

Your serpentine skin is tough. (AC +2)
You have supernaturally acute eyesight. (SInv)
Armour fits poorly on your strangely shaped body.
Your system is resistant to poisons. (rPois)
You cover ground very slowly.
You can spit poison.
You have a snake-like lower body.


Message History

Fire: b) +3 sling (elec)
Press: ? - help, Shift-Dir - straight line, f/p - killer bee
Aim: a killer bee (31% to hit)
You shoot a sling bullet. The sling bullet hits the killer bee.
The killer bee is lightly wounded.
You feel very sick. The killer bee stings you.
* * * LOW HITPOINT WARNING * * *
The killer bee closely misses you.
The killer bee stings you but does no damage.
You feel better.
The killer bee stings you but does no damage. x2
Fire: b) +3 sling (elec)
Press: ? - help, Shift-Dir - straight line, f/p - killer bee
Aim: a killer bee (lightly wounded, 31% to hit)
You shoot a sling bullet. The sling bullet hits the killer bee.
Lightning courses through the killer bee!
The killer bee is almost dead.
You have got your breath back.
The killer bee stings you.
* * * LOW HITPOINT WARNING * * *
The killer bee stings you.
* * * LOW HITPOINT WARNING * * *
You block the killer bee's attack.
Fire: b) +3 sling (elec)
Press: ? - help, Shift-Dir - straight line, f/p - killer bee
Aim: a killer bee (almost dead, 31% to hit)
You shoot a sling bullet. The sling bullet misses the killer bee.
The killer bee stings you!
* * * LOW HITPOINT WARNING * * *
You are lethally poisoned!
The killer bee poisons you! You block the killer bee's attack.
The killer bee stings you.
* * * LOW HITPOINT WARNING * * *
Fire: b) +3 sling (elec)
Press: ? - help, Shift-Dir - straight line, f/p - killer bee
Aim: a killer bee (almost dead, 31% to hit)
You shoot a sling bullet. The sling bullet hits the killer bee.
The killer bee is almost dead.
You die...

...#..........#
#...+KK#K #.
###...##...#
#...+KKK #
#...##...#
#...+..#K
.....##...#
#...#.#.
.......##...##
.......#.....#
..##...##†...#
#+ #... #y...#
#@...# #....#
#....# ######


You could see a killer bee.

Vanquished Creatures
  An orc warrior (D:3)
  A scorpion (D:5)
  2 killer bees (D:5)
  An orc priest (D:3)
  2 hounds
  An iguana (D:5)
  Natasha (D:4)
  An orc wizard (D:3)
  5 adders
  An ufetubus (D:5)
  A worm (D:2)
  2 dart slugs
  4 orcs (D:3)
  10 endoplasms
  6 giant cockroaches
  8 goblins
  3 hobgoblins
  4 jackals
  9 kobolds
  3 quokkas
  8 ball pythons
  5 bats
  2 frilled lizards
  3 rats
84 creatures vanquished.

Notes
Turn   | Place    | Note
-------+----------+-------------------------------------------
     0 | D:1      | oldriver the Naga Warper began the quest for the Orb.
     0 | D:1      | Reached XP level 1. HP: 19/19 MP: 3/3
   175 | D:1      | Reached skill level 1 in Stealth
   245 | D:1      | Reached XP level 2. HP: 26/26 MP: 5/5
   381 | D:1      | You fall into a shaft and drop 1 floor!
   511 | D:1      | Reached skill level 2 in Stealth
   750 | D:2      | Reached XP level 3. HP: 31/32 MP: 6/6
  1002 | D:2      | Reached skill level 1 in Ranged Weapons
  1166 | D:2      | Reached skill level 3 in Stealth
  1193 | D:2      | Reached XP level 4. HP: 40/40 MP: 7/7
  1395 | D:2      | Found a faded altar of an unknown god.
  1667 | D:3      | Reached skill level 4 in Stealth
  1667 | D:3      | Reached XP level 5. HP: 20/46 MP: 8/8
  2129 | D:3      | Noticed an orc warrior
  2494 | D:3      | Identified the +3 scale mail of Indecent Exposure {Will+}
  2905 | D:3      | Killed an orc warrior
  2906 | D:3      | Reached skill level 5 in Stealth
  2906 | D:3      | Reached XP level 6. HP: 56/56 MP: 9/9
  3276 | D:4      | Noticed Natasha
  3279 | D:4      | Killed Natasha
  3409 | D:5      | Entered Level 5 of the Dungeon
  3490 | D:5      | Found a runed translucent gate.
  3490 | D:5      | Found a runed translucent gate.
  3490 | D:5      | Found a runed translucent gate.
  3491 | D:5      | Noticed PyroL's ghost (novice DrWr)
  3676 | D:5      | Reached skill level 6 in Stealth
  3676 | D:5      | Reached XP level 7. HP: 35/62 MP: 10/10
  3699 | D:5      | HP: 2/63 [killer bee (5)]
  3700 | D:5      | Succumbed to a killer bee's poison

Illustrated notes

Levels and vault maps discovered:
D:1:      dpeg_arrival_solitude, layout_basic
D:2:      minmay_chambers_of_twos, layout_loops_ring,
          chequers_ecumenical_altar_twisty
D:3:      minmay_razor_zed, layout_basic
D:4:      layout_rooms, uniq_natasha
D:5:      layout_gridville, minmay_temple_entry_slanted,
          gammafunk_ghost_nasty_kobolds, hex_tiny,
          minmay_a_box_with_orc_wizards_in_it

Skill      XL: |  1  2  3  4  5  6 |
---------------+-------------------+-----
Stealth        | 1 2 3 4 5 6 |  6.4
Ranged Weapons | 1 2 3 |  3.7
Short Blades   | 3 |  3.3
Fighting       | 3 |  3.7
Throwing       | |  0.8
Armour         | |  0.7
Dodging        | |  1.5
Spellcasting   | |  2.0
Translocations | |  3.0

Action                   |  1- 3 |  4- 6 |  7- 9 || total
-------------------------+-------+-------+-------++-------
Melee: Short sword       |    26 |    12 |       ||    38
 Fire: Sling             |    72 |   143 |    11 ||   226
Throw: Boomerang         |     1 |       |       ||     1
 Abil: Spit Poison       |    11 |     9 |     2 ||    22
  Use: Potion            |     2 |       |     1 ||     3
       Scroll            |       |    14 |     1 ||    15
Armor: Leather armour    |    37 |    13 |       ||    50
       Scale mail        |       |    43 |    17 ||    60
Dodge: Dodged            |    44 |    38 |     3 ||    85
Block: Other             |    13 |    27 |     8 ||    48
       Reflection        |     3 |       |       ||     3

Table legend: (Time is in decaauts)
 A = Elapsed time spent in this place.
 B = Non-inter-level travel time spent in this place.
 C = Inter-level travel time spent in this place.
 D = Time resting spent in this place.
 E = Time spent auto-exploring this place.
 F = Levels seen in this place.
 G = Mean time per level.
                   A        B        C        D        E       F      G
               +--------+--------+--------+--------+--------+-----+--------+
         Total |   4842 |   4633 |    209 |    487 |   3376 |   5 |  968.4 |
       Dungeon |   4842 |   4633 |    209 |    487 |   3376 |   5 |  968.4 |
               +--------+--------+--------+--------+--------+-----+--------+

Top non-repeatable levels by time:
     D:3: 1614 daAuts
     D:2: 1227 daAuts
     D:1: 930 daAuts
     D:4: 678 daAuts
     D:5: 391 daAuts
